 Dungeon Crawl Stone Soup version 0.24-a0-769-g368c1644f8 (webtiles) character file.

Game seed: 8089553511649111971, levelgen mode: deterministic

5035 Peloso the Carver (level 10, -2/88 HPs)
             Began as a Minotaur Fighter on Oct 5, 2019.
             Was an Initiate of Gozag.
             Slain by a sun demon (4 damage)
             ... led by a balrug
             ... on level 1 of the Abyss.
             The game lasted 00:16:12 (7442 turns).

Peloso the Carver (Minotaur Fighter)                Turns: 7442, Time: 00:16:12

Health: -2/88      AC: 28    Str: 26    XL:     10   Next: 30%
Magic:  9/9        EV:  8    Int:  5    God:    Gozag
Gold:   593        SH: 13    Dex: 16    Spells: 9/9 levels left

rFire    . . .     SeeInvis .   a - +2 falchion (elec)
rCold    . . .     Gourm    .   c - +0 shield
rNeg     . . .     Faith    .   D - +10 plate armour "Payfadod" {rElec Str+4}
rPois    .         Spirit   .   (helmet restricted)
rElec    +         Reflect  .   x - +0 cloak
rCorr    .         Harm     .   (no gloves)
MR       .....                  w - +2 pair of boots
Stlth    ..........             (no amulet)
HPRegen  0.24/turn              j - +4 ring of dexterity
MPRegen  0.11/turn              t - ring of flight

@: about to teleport, slowed, very slow
A: retaliatory headbutt, horns 2
a: Potion Petition, Call Merchant, Bribe Branch, Renounce Religion, Evoke Flight


You were on level 1 of the Abyss.
You worshipped Gozag.
Gozag was pleased with you.
You were not hungry.

You visited 2 branches of the dungeon, and saw 11 of its levels.
You visited the Abyss 1 time.

You collected 1514 gold pieces.
You spent 850 gold pieces at shops.
You paid 71 gold pieces to Gozag.

Inventory:

Hand Weapons
 a - a +2 falchion of electrocution (weapon)
Armour
 b - a +0 plate armour
 c - a +0 shield (worn)
 w - a +2 pair of boots (worn)
 x - a +0 cloak (worn)
 D - the +10 plate armour "Payfadod" (worn) {rElec Str+4}
   (You bought it in a shop on level 4 of the Dungeon)

   It affects your strength (+4).
   It insulates you from electricity.
Jewellery
 j - a +4 ring of dexterity (left hand)
 t - a ring of flight (right hand)
Wands
 A - a wand of flame (38)
 B - a wand of polymorph (6)
Scrolls
 h - 2 scrolls of magic mapping
 i - 7 scrolls of teleportation
 n - 4 scrolls of enchant armour {unknown}
 o - 2 scrolls of fear {unknown}
 p - 2 scrolls of remove curse
 r - a scroll of blinking
 v - 5 scrolls of fog
 y - a scroll of vulnerability {unknown}
 C - a scroll of enchant weapon
Potions
 d - 3 potions of might
 e - a potion of flight
 g - 3 potions of mutation
 k - 4 potions of curing
 l - a potion of magic
 m - 2 potions of agility
 q - a potion of brilliance
 s - 2 potions of heal wounds
 u - 3 potions of haste
 z - a potion of invisibility
Comestibles
 f - 17 rations


   Skills:
 + Level 7.9 Fighting
 + Level 10.7 Long Blades
 + Level 8.7 Armour
 + Level 3.0 Dodging
 + Level 1.1 Stealth
 + Level 10.4 Shields


You had 9 spell levels left.
You didn't know any spells.
Your spell library contained the following spells:

 Spells                   Type           Power        Failure   Level  Hunger
 Animate Skeleton         Necr           N/A          100%        1    ##.....
 Apportation              Tloc           #.....       100%        1    ##.....
 Confusing Touch          Hex            #.....       100%        1    ##.....
 Pain                     Necr           #...         100%        1    ##.....
 Summon Small Mammal      Summ           #...         100%        1    ##.....
 Sublimation of Blood     Necr           #.........   100%        2    ###....
 Confuse                  Hex            #.......     100%        3    ####...
 Gell's Gravitas          Tloc           #.........   100%        3    ####...
 Ignite Poison            Fire/Tmut/Pois #.......     100%        3    ####...
 Regeneration             Chrm/Necr      #.........   100%        3    ####...
 Vampiric Draining        Necr           #.........   100%        3    ####...
 Animate Dead             Necr           N/A          100%        4    #####..
 Petrify                  Tmut/Erth      #.......     100%        4    #####..
 Alistair's Intoxication  Tmut/Pois      #.......     100%        5    ######.
 Bolt of Magma            Conj/Fire/Erth #.........   100%        5    ######.
 Irradiate                Conj/Tmut      #.........   100%        5    ######.
 Iskenderun's Battlesphe  Conj/Chrm      #.......     100%        5    ######.
 Metabolic Englaciation   Hex/Ice        #.........   100%        5    ######.
 Venom Bolt               Conj/Pois      #.........   100%        5    ######.
 Yara's Violent Unravell  Hex/Tmut       #.........   100%        5    ######.
 Iron Shot                Conj/Erth      #.........   100%        6    #######
 Orb of Destruction       Conj           #.........   100%        7    #######
 Spellforged Servitor     Conj/Summ      #.........   100%        7    #######


Dungeon Overview and Level Annotations

Branches:
Dungeon (10/15)            Temple (1/1) D:4            Lair (0/6) D:8
    Orc: D:9-12

Altars:
Ashenzari
Cheibriados
Dithmenos
Elyvilon
Fedhas
Gozag
Hepliaklqana
Kikubaaqudgha
Makhleb
Nemelex Xobeh
Okawaru
Qazlal
Ru
Sif Muna
Trog
Uskayaw
Vehumet
Wu Jian
Xom
Yredelemnul
Zin
The Shining One

Shops:
D:4 *   D:5 =

Annotations:
D:10 Sonja


Innate Abilities, Weirdness & Mutations

You reflexively headbutt those who attack you in melee.
You have a pair of horns on your head.


Message History

The balrug is wielding a +1 demon whip of electrocution.
As you read the scroll of teleportation, it crumbles to dust.
You feel strangely unstable.
You feel the power of the Abyss delaying your translocation!
The balrug shouts!
The sun demon shouts!
You feel sick.
You feel sick.
You are no longer poisoned.
The sun demon closely misses you. The balrug gestures at you.
The fireball explodes!
The fireball engulfs you!
* * * LOW HITPOINT WARNING * * *
The fireball engulfs the sun demon.
The sun demon completely resists.
Unknown command.
The balrug gestures at you. Something smites you!
* * * LOW HITPOINT WARNING * * *
The sun demon hits you.
You die...
Your body crumbles into a pile of gold.

#≈. ≈.....≈..#
#≈≈≈≈≈.......#
#≈≈≈≈........# .#
##≈..≈.......# ..
#.
.≈.≈≈.......#≈≈
..
..............#≈≈
.#..
#.....≈≈.......#
≈≈ .>. #...#
..#...###. ≈ ≈. #
# .. ..#@3.#
#.#≈> ≈. . ..
...#...###.#
≈≈≈.# #.
..#.......#≈≈≈≈.#
##. #...2...#≈≈
#.....4.#≈≈≈≈.#
#..####.#≈≈≈≈...
#..# #.#≈≈≈≈≈#
#... ..# ≈≈≈≈#
#... 3 .#≈≈≈≈≈≈.


You could see a balrug, a sun demon and a red devil.

Vanquished Creatures
  2 two-headed ogres (D:9)
  Prince Ribbit (D:6)
  2 hippogriffs
  A black bear (D:9)
  An ice beast (D:7)
  An orc warrior (D:7)
  3 sky beasts
  A necrophage (D:8)
  4 ogres
  A phantom (D:7)
  A centaur (D:7)
  The ghost of Sassenached the Conjurer, an amateur KoCj (D:3)
  2 big kobolds
  4 bullfrogs
  3 scorpions
  4 wights (D:8)
  A howler monkey (D:6)
  2 crimson imps
  3 hounds
  4 orc priests
  A jelly (D:7)
  15 orc wizards
  A bullfrog skeleton (D:5)
  2 iguanas
  6 worker ants
  A hound zombie (D:7)
  11 adders
  3 shadow imps
  4 oozes
  4 worms
  A dart slug (D:3)
  5 leopard geckos
  28 orcs
  12 bats
  5 giant cockroaches
  7 goblins
  5 hobgoblins
  14 jackals
  4 quokkas
  2 ball pythons
  2 frilled lizards
  A giant cockroach zombie (D:6)
  A jackal skeleton (D:8)
  16 kobolds
  15 rats
208 creatures vanquished.

Notes
Turn   | Place    | Note
-------+----------+-------------------------------------------
     0 | D:1      | Peloso the Minotaur Fighter began the quest for the Orb.
     0 | D:1      | Reached XP level 1. HP: 19/19 MP: 0/0
   249 | D:1      | Reached XP level 2. HP: 26/27 MP: 1/1
   570 | D:1      | Reached XP level 3. HP: 33/33 MP: 2/2
   661 | D:2      | Found a hide-covered altar of Uskayaw.
   890 | D:2      | Reached XP level 4. HP: 40/40 MP: 3/3
  1361 | D:3      | Found a transporter.
  1376 | D:3      | Noticed Sassenached's ghost (amateur KoCj)
  1377 | D:3      | Identified the +8 dire flail of Disharmony {elec, rPois}
  1377 | D:3      | Noticed an ogre
  1378 | D:3      | Noticed an ogre
  1390 | D:3      | Found a transporter.
  1392 | D:3      | Noticed an ogre
  1652 | D:3      | Reached XP level 5. HP: 8/47 MP: 4/4
  1933 | D:4      | Reached skill level 1 in Dodging
  1991 | D:4      | Reached skill level 5 in Shields
  2021 | D:4      | Found Rig Qyus's Assorted Antiques.
  2087 | D:4      | Reached XP level 6. HP: 53/53 MP: 5/5
  2094 | D:4      | Found a staircase to the Ecumenical Temple.
  2106 | Temple   | Entered the Ecumenical Temple
  2267 | D:4      | Reached skill level 5 in Long Blades
  2269 | D:4      | Reached skill level 5 in Armour
  2284 | D:4      | HP: 2/53 [worker ant (4)]
  2608 | D:4      | Found an opulent altar of Gozag.
  2609 | D:4      | Found a sparkling altar of Nemelex Xobeh.
  2619 | D:4      | Became a worshipper of Gozag Ym Sagoz the Greedy
  2664 | D:4      | Found a stormy altar of Qazlal.
  2804 | D:5      | Entered Level 5 of the Dungeon
  2889 | D:5      | Reached skill level 5 in Fighting
  2923 | D:5      | Reached XP level 7. HP: 61/61 MP: 6/6
  2941 | D:5      | Found Wicusm's Jewellery Shop.
  3502 | D:6      | Noticed Prince Ribbit
  3511 | D:6      | Killed Prince Ribbit
  3685 | D:6      | Noticed a hippogriff
  3698 | D:6      | Killed a hippogriff
  3698 | D:6      | Reached XP level 8. HP: 55/70 MP: 7/7
  4136 | D:6      | Found a glowing golden altar of the Shining One.
  4600 | D:7      | Noticed a hippogriff
  4607 | D:7      | Killed a hippogriff
  4699 | D:7      | Found a blossoming altar of Fedhas.
  5202 | D:7      | Reached skill level 1 in Stealth
  5202 | D:7      | Reached XP level 9. HP: 74/78 MP: 8/8
  5415 | D:7      | Found a bloodstained altar of Trog.
  5795 | D:8      | Found a basalt altar of Yredelemnul.
  5848 | D:8      | Found a staircase to the Lair.
  6576 | D:4      | Bought a faintly glowing plate armour for 700 gold pieces
  6590 | D:4      | Identified the +10 plate armour "Payfadod" {rElec Str+4}
                  | (You bought it in a shop on level 4 of the Dungeon)
  6599 | D:4      | Bought a runed falchion for 150 gold pieces
  6638 | D:3      | Killed Sassenached's ghost
  6787 | D:9      | Noticed a two-headed ogre
  6794 | D:9      | Killed a two-headed ogre
  6813 | D:9      | Noticed a two-headed ogre
  6822 | D:9      | Killed a two-headed ogre
  6822 | D:9      | Reached skill level 10 in Long Blades
  6822 | D:9      | Reached skill level 10 in Shields
  6822 | D:9      | Reached XP level 10. HP: 65/86 MP: 9/9
  7006 | D:9      | Found a white marble altar of Elyvilon.
  7048 | D:9      | Found an ornate altar of the Wu Jian Council.
  7323 | D:9      | Found an ancient bone altar of Kikubaaqudgha.
  7337 | D:9      | Identified Kikubaaqudgha's Grimoire of Evil
  7344 | D:9      | Found a shimmering blue altar of Sif Muna.
  7358 | D:9      | Found a radiant altar of Vehumet.
  7386 | D:10     | Entered Level 10 of the Dungeon
  7405 | D:10     | Noticed Sonja
  7413 | D:10     | Cast into level 1 of the Abyss (Sonja)
  7436 | Abyss:1  | Noticed a balrug
  7436 | Abyss:1  | Noticed a sun demon
  7442 | Abyss:1  | HP: 2/88 [balrug/divine providence (14)]
  7442 | Abyss:1  | Slain by a sun demon

Levels and vault maps discovered:
D:1:      onia_arrival_handbag, layout_basic
D:2:      layout_rooms, eat_drink_and_be_merry_uskayaw
D:3:      layout_loops_ring, gammafunk_ghost_smash, first_ration
D:4:      layout_gridville, grunt_temple_overflow_opulence,
          minmay_temple_entry_large_hall, serial_shops, shop,
          nicolae_qazlal_general_emergency
D:5:      layout_loops_ring, serial_shops, shop, chequers_serial_rivers_small_b,
          hangedman_abyss_or_decor_slice
D:6:      layout_basic, kennysheep_mini, uniq_prince_ribbit1
D:7:      layout_basic, fedhas_bush_and_centaur_altar, lightli_temple_of_fire
D:8:      layout_basic, yredelemnul_altar_generic, lair_entry_dummy
D:9:      layout_cave_pools, palyth_temple_overflow_mages, lemuel_round_altar,
          lemuel_doored_altar
D:10:     wander_river, layout_rooms, orc_0_dummy, uniq_sonja
Temple:   zaba_magenta_temple
Abyss:1

Skill      XL: |  1  2  3  4  5  6  7  8  9 10 |
---------------+-------------------------------+-----
Armour         | 4 5 6 7 8 |  8.7
Fighting       | 4 5 6 7 |  7.9
Shields        | 4 5 6 7 10 | 10.4
Long Blades    | 3 4 5 7 8 10 | 10.7
Dodging        | 1 2 3 |  3.0
Stealth        | 1 |  1.1

Action                   |  1- 3 |  4- 6 |  7- 9 | 10-12 || total
-------------------------+-------+-------+-------+-------++-------
Melee: Long sword        |    76 |   141 |   201 |       ||   418
       Headbutt          |    12 |    34 |    78 |    18 ||   142
       Falchion          |       |       |    61 |    70 ||   131
Evoke: Wand              |       |       |       |     1 ||     1
  Use: Potion            |     4 |     1 |     1 |       ||     6
       Scroll            |     3 |     4 |     9 |     1 ||    17
  Eat: Chunk             |       |     6 |       |       ||     6
       Ration            |       |       |     4 |     1 ||     5
Armor: Scale mail        |    46 |     5 |       |       ||    51
       Chain mail        |       |    65 |    65 |       ||   130
       Plate armour      |       |       |    46 |    40 ||    86
Dodge: Dodged            |    30 |    39 |    57 |    18 ||   144
Block: Shield            |    51 |    80 |   144 |    46 ||   321
       Rpst.: Long sword |    12 |     9 |    12 |       ||    33
       Falchion          |       |       |     1 |     7 ||     8

Table legend:
 A = Non-vault XP
 B = Vault XP
 C = Vault XP percentage of total XP
 D = Non-vault monster count
 E = Vault monster count
 F = Vault count percentage of total count
                 A         B        C        D         E       F
            +---------+---------+-------+---------+---------+-------
      Total |    6208 |     985 |  13.7 |     194 |      14 |   6.7
            +---------+---------+-------+---------+---------+-------
        D:1 |      31 |      10 |  24.4 |      20 |       4 |  16.7
        D:2 |      65 |       0 |   0.0 |      18 |       0 |   0.0
        D:3 |     126 |     452 |  78.2 |      26 |       4 |  13.3
        D:4 |     413 |       0 |   0.0 |      29 |       0 |   0.0
        D:5 |     243 |       0 |   0.0 |      11 |       0 |   0.0
        D:6 |     627 |     264 |  29.6 |      16 |       1 |   5.9
        D:7 |    1257 |     103 |   7.6 |      21 |       1 |   4.5
        D:8 |     678 |       0 |   0.0 |      25 |       0 |   0.0
        D:9 |    2768 |     156 |   5.3 |      28 |       4 |  12.5
            +---------+---------+-------+---------+---------+-------
